 Dungeon Crawl Stone Soup version 0.19.1 (webtiles) character file.

6367 Gargo the Geomancer (level 10, -5/59 HPs)
             Began as a Gargoyle Earth Elementalist on Dec 9, 2016.
             Was a Priest of Vehumet.
             Slain by a guardian mummy (12 damage)
             ... on level 12 of the Dungeon on Dec 10, 2016.
             The game lasted 01:09:51 (10434 turns).

Gargo the Geomancer (Gargoyle Earth Elementalist)  Turns: 10434, Time: 01:09:51

Health: -5/59      AC: 14    Str: 17    XL:     10   Next: 97%
Magic:  2/21       EV: 13    Int: 19    God:    Vehumet [***...]
Gold:   161        SH:  4    Dex: 10    Spells: 6 memorised, 9 levels left

rFire  . . .     SeeInvis .     a - staff of earth
rCold  . . .     Gourm    .     c - +0 robe
rNeg   + . .     Faith    .     G - +0 buckler
rPois  ∞         Spirit   .     z - +2 helmet
rElec  +         Reflect  .     (no cloak)
rCorr  .         Harm     .     B - +0 pair of gloves
MR     .....                    O - +0 pair of boots
Stlth  ++........               (no amulet)
                                R - ring of wizardry
                                h - ring of flight

@: mighty
A: negative energy resistance 1, electricity resistance, unbreathing,
petrification resistance, rot immunity, AC +7
a: Renounce Religion, Evoke Flight


You were on level 12 of the Dungeon.
You worshipped Vehumet.
Vehumet was most pleased with you.
You were not hungry.

You visited 2 branches of the dungeon, and saw 11 of its levels.

You collected 361 gold pieces.
You spent 200 gold pieces at shops.

Inventory:

Hand Weapons
 k - a +3 flail of draining
 S - a +2 whip of venom
 T - a +0 blowgun
Missiles
 b - 191 stones
 y - 7 poisoned needles
 E - 4 steel tomahawks (quivered)
Armour
 c - a +0 robe (worn)
 l - the +2 leather armour of Impatience {rF+ rN+ Str-5 Dex+4}
   (You took it off Dowan on level 4 of the Dungeon)

   It affects your strength (-5).
   It affects your dexterity (+4).
   It protects you from fire.
   It protects you from negative energy.
 m - a +1 helmet
 x - a +0 buckler
 z - a +2 helmet (worn)
 B - a +0 pair of gloves (worn)
 G - a +0 buckler (worn)
 O - a +0 pair of boots (worn)
Magical Staves
 a - an uncursed staff of earth (weapon)
 H - an uncursed staff of summoning
Jewellery
 h - a ring of flight (left hand)
 R - a ring of wizardry (right hand)
Wands
 e - a wand of teleportation (4/9)
 o - a wand of disintegration (0/24)
 A - a wand of hasting (0/9)
 L - a wand of acid (0/15)
Scrolls
 f - 6 scrolls of remove curse
 j - 7 scrolls of teleportation
 u - a scroll of summoning
 F - 4 scrolls of identify
 K - 2 scrolls of amnesia
 Q - a scroll of brand weapon {unknown}
Potions
 d - 2 potions of lignification {unknown}
 n - a potion of mutation {unknown}
 r - a potion of degeneration {unknown}
 s - a potion of cure mutation {unknown}
 v - 2 potions of flight {unknown}
 w - a potion of brilliance {unknown}
 D - a potion of heal wounds {unknown}
 I - a potion of agility {unknown}
 J - 2 potions of haste {unknown}
 V - a potion of berserk rage {unknown}
Books
 C - a book of Minor Magic

   Spells                             Type                      Level
   a - Magic Dart                     Conjuration                  1
   b - Blink                          Translocation                2
   c - Call Imp                       Summoning                    2
   d - Repel Missiles                 Charms/Air                   2
   e - Slow                           Hexes                        2
   f - Conjure Flame                  Conjuration/Fire             3
   g - Mephitic Cloud                 Conjuration/Poison/Air       3
 P - a book of Enchantments

   Spells                             Type                      Level
   a - Cause Fear                     Hexes                        4
   b - Yara's Violent Unravelling     Hexes/Transmutation          5
   c - Silence                        Hexes/Air                    5
   d - Deflect Missiles               Charms/Air                   6
   e - Discord                        Hexes                        8
Comestibles
 g - 4 meat rations
 p - 2 beef jerkies
 q - a royal jelly
 t - 4 bread rations
 N - 3 slices of pizza
 U - 2 fruits


   Skills:
 + Level 5.4 Fighting
 - Level 3.8(4.0) Maces & Flails
 + Level 2.0(3.1) Staves
 + Level 4.4 Dodging
 - Level 2.1 Stealth
 + Level 4.0 Shields
 * Level 7.9 Spellcasting
 + Level 5.8 Conjurations
   Level 0.7 Transmutations
 + Level 3.4 Fire Magic
 + Level 8.4 Earth Magic
 + Level 3.8 Evocations


You had 9 spell levels left.
You knew the following spells:

 Your Spells              Type           Power        Failure   Level  Hunger
a - Sandblast             Erth           ######       1%          1    None
b - Lee's Rapid Deconstr  Erth           ######....   1%          5    #####..
c - Conjure Flame         Conj/Fire      ####....     1%          3    None
d - Sting                 Conj/Pois      ###.         1%          1    None
e - Throw Flame           Conj/Fire      ####..       1%          2    None
A - Stone Arrow           Conj/Erth      ######       1%          3    None


Dungeon Overview and Level Annotations

Branches:
Dungeon (9/15)             Temple (1/1) D:4
   Lair: D:8-11         Orc: D:9-12

Altars:
Ashenzari
Cheibriados
Elyvilon
Fedhas
Gozag
Kikubaaqudgha
Okawaru
Ru
Uskayaw
Vehumet
Xom
Yredelemnul
Zin
The Shining One

Shops:
D:5 :

Portals:
Trove: D:12 (give +3 shadow dragon scales)


Innate Abilities, Weirdness & Mutations

You are resistant to torment.
Your stone body is resilient. (AC +7)
You are immune to poison.
You resist negative energy. (rN+)
You are resistant to electric shocks. (rElec)
You can survive without breathing.
You are immune to petrification.
You are immune to rotting.


Message History

The guardian mummy is almost destroyed.
You hit the guardian mummy.
The guardian mummy is almost destroyed.
The guardian mummy hits you!
* * * LOW HITPOINT WARNING * * *
You feel better. The guardian mummy hits you.
You feel better. The guardian mummy hits you!
* * * LOW HITPOINT WARNING * * *
You hit the guardian mummy but do no damage.
The guardian mummy is almost destroyed.
The guardian mummy hits you.
* * * LOW HITPOINT WARNING * * *
Okay, then.
Okay, then.
Evoke which item? (* to show all) (? for menu, Esc to quit)
Okay, then.
You hit the guardian mummy.
The guardian mummy is almost destroyed.
The guardian mummy hits you!
You die...

##+#
##...#
##.....##
#$.8.8.$#
#$.....$#
#$.8.8M@#
##.....##
##.∩.#
####


You could see a guardian mummy.

Vanquished Creatures
  The ghost of murphy the Fighter, a novice FoFi of Okawaru (D:9)
  Joseph (D:7)
  A hornet (D:9)
  A hippogriff (D:9)
  A wyvern (D:8)
  A spriggan (D:7)
  Sigmund (D:4)
  5 yaks (D:9)
  Edmund (D:4)
  Duvessa (D:4)
  3 orc warriors
  An ice beast (D:5)
  3 sky beasts
  A necrophage (D:8)
  5 phantoms
  2 ogres
  3 centaurs
  A big kobold (D:7)
  6 bullfrogs
  Dowan (D:4)
  A scorpion (D:8)
  10 killer bees (D:9)
  A howler monkey (D:7)
  An electric eel (D:6)
  2 crimson imps
  A quasit (D:8)
  A bullfrog zombie (D:6)
  6 hounds
  A jelly (D:6)
  A bullfrog skeleton (D:7)
  2 orc priests
  2 iguanas
  4 orc wizards
  4 worker ants
  Robin (D:3)
  10 adders
  A shadow imp (D:6)
  2 oozes
  An adder zombie (D:5)
  2 worms
  10 dart slugs
  7 leopard geckos
  26 orcs
  9 bats
  2 giant cockroaches (D:3)
  17 goblins
  10 hobgoblins
  9 jackals
  4 quokkas
  4 ball pythons
  4 frilled lizards
  17 kobolds
  14 rats
227 creatures vanquished.

Vanquished Creatures (collateral kills)
  An iguana (D:6)
  An adder skeleton (D:6)
2 creatures vanquished.

Grand Total: 229 creatures vanquished

Notes
Turn   | Place    | Note
-------+----------+-------------------------------------------
     0 | D:1      | Gargo the Gargoyle Earth Elementalist began the quest for the Orb.
     0 | D:1      | Reached XP level 1. HP: 10/10 MP: 3/3
   108 | D:1      | Reached XP level 2. HP: 9/15 MP: 0/5
   377 | D:1      | Reached skill level 4 in Earth Magic
   562 | D:1      | Reached XP level 3. HP: 16/19 MP: 0/7
   576 | D:1      | Learned a level 3 spell: Stone Arrow
  1249 | D:2      | Reached XP level 4. HP: 22/24 MP: 3/8
  2230 | D:3      | Noticed a centaur
  2241 | D:3      | Killed a centaur
  2241 | D:3      | Reached skill level 1 in Conjurations
  2241 | D:3      | Reached skill level 5 in Earth Magic
  2241 | D:3      | Reached XP level 5. HP: 11/28 MP: 1/10
  2730 | D:3      | Noticed Robin
  2743 | D:3      | Killed Robin
  3130 | D:2      | Found a shattered altar of Ashenzari.
  3130 | D:2      | Found a white marble altar of Elyvilon.
  3130 | D:2      | Found a sacrificial altar of Ru.
  3130 | D:2      | Found a snail-covered altar of Cheibriados.
  3194 | D:5      | Entered Level 5 of the Dungeon
  3242 | D:5      | Learned a level 5 spell: Lee's Rapid Deconstruction
  3272 | D:6      | Reached XP level 6. HP: 23/32 MP: 2/12
  3497 | D:4      | Noticed Duvessa
  3497 | D:4      | Noticed Dowan
  3504 | D:4      | Killed Duvessa
  3603 | D:4      | Found a staircase to the Ecumenical Temple.
  3612 | Temple   | Entered the Ecumenical Temple
  3618 | Temple   | Became a worshipper of Vehumet
  3819 | D:4      | Killed Dowan
  3824 | D:4      | Got a transparent leather armour
  4069 | D:4      | Noticed Edmund
  4083 | D:4      | Killed Edmund
  4083 | D:4      | Reached skill level 5 in Spellcasting
  4083 | D:4      | Reached skill level 6 in Earth Magic
  4083 | D:4      | Reached XP level 7. HP: 25/36 MP: 5/14
  4094 | D:4      | Identified the +2 leather armour of Impatience {rF+ rN+ Str-5 Dex+4} (You took it off Dowan on level 4 of the Dungeon)
  4305 | D:4      | Noticed Sigmund
  4311 | D:4      | Killed Sigmund
  4345 | D:4      | Reached skill level 1 in Fighting
  4520 | D:5      | Reached skill level 1 in Shields
  4581 | D:5      | Found Vanlirol's Book Shop.
  4600 | D:5      | Bought a book of Minor Magic for 200 gold pieces
  4604 | D:5      | Learned a level 3 spell: Conjure Flame
  4693 | D:7      | Reached skill level 1 in Maces & Flails
  4693 | D:7      | Reached skill level 1 in Evocations
  4791 | D:6      | Reached XP level 8. HP: 31/44 MP: 0/16
  5171 | D:5      | Reached skill level 1 in Fire Magic
  5512 | D:5      | Reached * piety under Vehumet
  5512 | D:5      | Offered knowledge of Sting by Vehumet.
  5531 | D:5      | Learned a level 1 spell: Sting
  6135 | D:6      | Reached XP level 9. HP: 48/49 MP: 13/18
  6382 | D:8      | Reached skill level 7 in Earth Magic
  6390 | D:7      | Reached ** piety under Vehumet
  6514 | D:8      | Offered knowledge of Throw Flame by Vehumet.
  6741 | D:7      | Noticed Joseph
  6753 | D:7      | Killed Joseph
  6764 | D:7      | Learned a level 2 spell: Throw Flame
  8050 | D:9      | Reached skill level 5 in Conjurations
  8062 | D:9      | Reached XP level 10. HP: 32/56 MP: 0/20
  8438 | D:8      | Found an ancient bone altar of Kikubaaqudgha.
  9507 | D:9      | Offered knowledge of Dazzling Spray by Vehumet.
  9611 | D:9      | Noticed murphy's ghost (novice FoFi)
  9636 | D:9      | Killed murphy's ghost
  9636 | D:9      | Reached skill level 5 in Fighting
  9636 | D:9      | Reached skill level 1 in Staves
  9636 | D:9      | Reached skill level 8 in Earth Magic
  9930 | D:9      | Found a hide-covered altar of Uskayaw.
 10072 | D:9      | Reached *** piety under Vehumet
 10417 | D:9      | You fall through a shaft for 3 floors!
 10417 | D:12     | Found a portal to a secret trove of treasure.
 10434 | D:12     | Slain by a guardian mummy

Skill      XL: |  1  2  3  4  5  6  7  8  9 10 |
---------------+-------------------------------+-----
Earth Magic    | 4 5 6 7 8 |  8.4
Spellcasting   | 3 4 5 6 7 |  7.9
Conjurations   | 1 2 3 4 5 |  5.8
Fighting       | 1 2 4 5 |  5.4
Shields        | 1 2 3 4 |  4.0
Maces & Flails | 1 2 3 |  3.8
Dodging        | 2 3 4 |  4.4
Evocations     | 1 2 3 |  3.8
Fire Magic     | 1 2 3 |  3.4
Staves         | 2 |  2.0
Stealth        | |  2.1
Transmutations | |  0.7

Action                   |  1- 3 |  4- 6 |  7- 9 | 10-12 || total
-------------------------+-------+-------+-------+-------++-------
Melee: Short sword       |    44 |    13 |       |       ||    57
       Whip              |       |    10 |    56 |    11 ||    77
       Staff             |       |       |       |    80 ||    80
 Cast: Sandblast         |    61 |    78 |   169 |    96 ||   404
       Stone Arrow       |       |    10 |    69 |    63 ||   142
       Sting             |       |       |     1 |       ||     1
       Throw Flame       |       |       |     6 |    15 ||    21
Evoke: Wand              |       |     2 |       |     3 ||     5
  Use: Scroll            |       |     8 |     3 |     3 ||    14
       Potion            |       |       |       |     7 ||     7
 Stab: Sleeping          |     5 |     4 |       |     1 ||    10
  Eat: Chunk             |     2 |     8 |    15 |     8 ||    33
       Pizza             |       |     1 |       |       ||     1
Armor: Robe              |    25 |    33 |    90 |    62 ||   210
Dodge: Dodged            |    58 |    54 |   119 |   120 ||   351
Block: Buckler           |       |       |       |    43 ||    43
